 Dungeon Crawl Stone Soup version 0.29.1-12-g30fa7ad0bf (webtiles) character file.

Game seed: 6676997702619433192

2 mandoloar the Conjurer (level 1, -1/10 HPs)
             Began as a Deep Elf Conjurer on Dec 21, 2022.
             Slain by an endoplasm (2 damage)
             ... on level 1 of the Dungeon.
             The game lasted 00:00:54 (345 turns).

mandoloar the Conjurer (Deep Elf Conjurer)           Turns: 345, Time: 00:00:55

Health: -1/10      AC:  0    Str:  4    XL:     1   Next: 33%
Magic:  5/6        EV: 13    Int: 22    God:
Gold:   26         SH:  0    Dex: 19    Spells: 5/6 levels left

rFire   . . .      SeeInvis .   (no weapon)
rCold   . . .      Faith    .   (no shield)
rNeg    . . .      Spirit   .   (no body armour)
rPois   .          Reflect  .   (no helmet)
rElec   .          Harm     .   (no cloak)
rCorr   .          Rampage  .   (no gloves)
Will    .....                   (no boots)
Stlth   ++........              (no amulet)
HPRegen 0.03/turn               c - +6 ring of dexterity
MPRegen 0.10/turn               (no ring)

@: very slightly contaminated
A: no striking features
a: no special abilities


You were on level 1 of the Dungeon.
You visited 1 branch of the dungeon, and saw 2 of its levels.

You collected 26 gold pieces.

Inventory:

Armour
 a - a +0 robe
 e - a +0 scale mail
Jewellery
 c - a +6 ring of dexterity (left hand)
Scrolls
 d - a scroll of fog {unknown}
 f - a scroll of torment {unknown}
Potions
 b - a potion of magic


   Skills:
 + Level 2.5 Dodging
 + Level 2.5 Stealth
 + Level 3.0 Spellcasting
 + Level 4.4 Conjurations


You had 5 spell levels left.
You knew the following spells:

 Your Spells              Type           Power      Damage    Failure   Level
a - Magic Dart            Conj           88%        1d7       1%          1

Your spell library contained the following spells:

 Spells                   Type           Power      Damage    Failure   Level
 Searing Ray              Conj           44%        2d6       3%          2
 Dazzling Flash           Conj/Hex       26%        N/A       16%         3
 Fulminant Prism          Conj/Hex       6%         3d7       45%         4
 Iskenderun's Mystic Bla  Conj/Tloc      13%        2d5       45%         4


Dungeon Overview and Level Annotations

Branches:
Dungeon (2/15)

Altars:


Message History

You now have 26 gold pieces (gained 13).
Found a ring mail.
You see here a +0 ring mail.
An endoplasm comes into view.
The endoplasm quivers.
Casting: Magic Dart (safe; 63% risk of failure)
Confirm with . or Enter, or press ? or * to list all spells.
Aiming: Magic Dart (safe; 63% risk of failure)
Press: ? - help, Shift-Dir - straight line, f - endoplasm
Aim: an endoplasm (100% to hit)
You miscast Magic Dart.
You are very lightly contaminated with residual magic.
Nothing appears to happen.
Casting: Magic Dart (safe; 63% risk of failure)
Confirm with . or Enter, or press ? or * to list all spells.
Aiming: Magic Dart (safe; 63% risk of failure)
Press: ? - help, Shift-Dir - straight line, f/p - endoplasm
Aim: an endoplasm (100% to hit)
You miscast Magic Dart.
Nothing appears to happen.
You start removing your armour.
You continue taking off your +0 scale mail. x3
The endoplasm freezes you.
You are frozen.
You continue taking off your +0 scale mail.
The endoplasm hits you but does no damage.
You finish taking off your +0 scale mail.
The endoplasm attacks as you move away! The endoplasm closely misses you.
The endoplasm hits you.
Keep equipping yourself? [Y]es or [N]o only, please.
Keep equipping yourself? [Y]es or [N]o only, please.
Keep equipping yourself?
You start putting on your armour.
You continue putting on your +0 robe.
The endoplasm freezes you.
You are frozen.
* * * LOW HITPOINT WARNING * * *
You continue putting on your +0 robe.
The endoplasm hits you.
You die...

###############
#.............#
########..@J...#####.#
.......[..####........
########..# #.#####.#
### #..# #....J...
##.## #..# #.#####.#
.# ##...###..####.#
#.# #...............
#.# ##...###........
#.# ##.## ##.######


You could see an endoplasm.

Vanquished Creatures
  A ball python (D:1)
  A hobgoblin (D:2)
2 creatures vanquished.

Vanquished Creatures (others)
  5 toadstools (D:1)
5 creatures vanquished.

Grand Total: 7 creatures vanquished

Notes
Turn   | Place    | Note
-------+----------+-------------------------------------------
     0 | D:1      | mandoloar the Deep Elf Conjurer began the quest for the
                  | Orb.
     0 | D:1      | Reached XP level 1. HP: 10/10 MP: 6/6
     2 | D:1      | You fall into a shaft and drop 1 floor!
   345 | D:1      | Slain by an endoplasm

Illustrated notes

Levels and vault maps discovered:
D:1:      onia_arrival_mini_spirals, layout_loops_ring, minmay_gold_behind_fungi
D:2:      layout_basic, chequers_ecumenical_altar_simple_redux, minivault_25

Action                   || total
-------------------------++-------
 Cast: Magic Dart        ||     4
Armor: Scale mail        ||     1
Dodge: Dodged            ||     1
